 Dungeon Crawl Stone Soup version 0.29.1-15-g9cfb28693d (webtiles) character file.

Game seed: 11444250161900848085

136105 bmack86 the Severer (level 16, -15/162 HPs)
             Began as a Minotaur Fighter on Apr 3, 2024.
             Was the Champion of Okawaru.
             Demolished by a salamander
             ... wielding a +0 halberd
              (16 damage)
             ... on level 2 of the Snake Pit.
             The game lasted 01:06:25 (23491 turns).

bmack86 the Severer (Minotaur Fighter)             Turns: 23491, Time: 01:06:27

Health: -15/162    AC: 36    Str: 31    XL:     16   Next: 66%
Magic:  21/21      EV:  9    Int: 11    God:    Okawaru [******]
Gold:   1837       SH:  0    Dex: 11    Spells: 15/15 levels left

rFire   . . .      SeeInvis +   P - +9 battleaxe "Linose" {flame, *Noise Fragile Str+3 SInv}
rCold   . . .      Faith    .   (shield currently unavailable)
rNeg    . . .      Spirit   .   V - +8 plate armour of Omeaggou {Rampage Int+6 SInv Stlth+}
rPois   +          Reflect  .   u - +0 mask of the Dragon {Will+ Slay+3 SInv}
rElec   .          Harm     .   w - +2 cloak {Will+}
rCorr   .          Rampage  +   g - +2 pair of gloves
Will    ++++.                   o - +1 pair of boots
Stlth   ..........              i - amulet of regeneration
HPRegen 1.17/turn               F - ring of poison resistance
MPRegen 0.17/turn               n - ring of willpower

@: studying 2 skills
A: horns 2, retaliatory headbutt
a: Renounce Religion, Heroism, Finesse, Duel


You were on level 2 of the Snake Pit.
You worshipped Okawaru.
Okawaru was exalted by your worship.
You visited 5 branches of the dungeon, and saw 25 of its levels.
You also visited: Sewer, Bailey and Ice Cave.

You collected 5725 gold pieces.
You spent 3888 gold pieces at shops.

Inventory:

Hand Weapons
 q - a +0 vorpal broad axe
 P - the +9 battleaxe "Linose" (weapon) {flame, *Noise Fragile Str+3 SInv}
   (You found it on level 10 of the Dungeon)

   It burns those it strikes, dealing additional fire damage.
   Big, fiery blades are also staple armaments of hydra-hunters.
   Str:       It affects your strength (+3).
   SInv:      It lets you see invisible.
   *Noise:    It may make noises in combat.
   Fragile:   It will be destroyed if unequipped.
 U - a +1 vampiric broad axe
Missiles
 t - 2 javelins
 L - 11 curare-tipped darts
Armour
 g - a +2 pair of gloves (worn)
 k - the +3 hat of Okawaru's Pride {Stlth+}
   (Okawaru gifted it to you on level 1 of the Lair of Beasts)

   Stlth:     It makes you more stealthy.
 o - a +1 pair of boots (worn)
 p - the +5 tower shield of the Spheres {Str+9 Dex+2}
   (Okawaru gifted it to you on level 12 of the Dungeon)

   Str:       It affects your strength (+9).
   Dex:       It affects your dexterity (+2).
 u - the +0 mask of the Dragon (worn) {Will+ Slay+3 SInv}
   (You bought it in a shop on level 2 of the Orcish Mines)

   Slay:      It affects your accuracy & damage with ranged weapons and melee
   (+3).
   SInv:      It lets you see invisible.
   Will:      It increases your willpower.
 w - a +2 cloak of willpower (worn)
 D - a +2 cloak
 S - a +1 cloak of poison resistance
 V - the +8 plate armour of Omeaggou (worn) {Rampage Int+6 SInv Stlth+}
   (Okawaru gifted it to you on level 4 of the Lair of Beasts)

   Int:       It affects your intelligence (+6).
   SInv:      It lets you see invisible.
   Rampage:   It bestows one free step when moving towards enemies.
   Stlth:     It makes you more stealthy.
Jewellery
 a - a +6 ring of dexterity
 i - an amulet of regeneration (around neck)
 j - a ring of protection from fire
 n - a ring of willpower (right hand)
 x - a ring of protection from fire
 F - a ring of poison resistance (left hand)
 N - a ring of flight
 O - a ring of protection from cold
Wands
 b - a wand of polymorph (26)
 c - a wand of mindburst (9)
 d - a wand of paralysis (7) (quivered)
 v - a wand of roots (37)
 y - a wand of flame (48)
 E - a wand of digging (7)
Scrolls
 l - 6 scrolls of fear
 r - a scroll of brand weapon
 z - a scroll of poison
 B - a scroll of fog
 C - 19 scrolls of teleportation
 Q - 3 scrolls of blinking
 X - a scroll of magic mapping
Potions
 e - 14 potions of curing
 f - 4 potions of cancellation
 h - 7 potions of lignification
 m - 6 potions of haste
 s - 2 potions of mutation
 A - 3 potions of flight
 H - 3 potions of ambrosia
 J - 6 potions of might
 M - 4 potions of magic
 R - 2 potions of resistance
 Z - a potion of heal wounds


   Skills:
 * Level 19.8 Fighting
 - Level 20.0 Axes
 + Level 8.6 Throwing
 - Level 18.0 Armour
 - Level 5.7 Shields
 - Level 8.0 Invocations


You had 15 spell levels left.
You didn't know any spells.
Your spell library contained the following spells:

 Spells                   Type           Power      Damage    Failure   Level
 Magic Dart               Conj           0%         1d3       83%         1
 Blink                    Tloc           0%         N/A       93%         2
 Ensorcelled Hibernation  Hex/Ice        0%         N/A       93%         2
 Searing Ray              Conj           0%         2d4       93%         2
 Static Discharge         Conj/Air       0%         3-3/arc   93%         2
 Frozen Ramparts          Ice            0%         1d1       99%         3
 Lesser Beckoning         Tloc           0%         N/A       99%         3
 Fulminant Prism          Conj/Hex       0%         3d6       100%        4
 Hailstorm                Conj/Ice       0%         3d3       100%        4
 Ice Form                 Ice/Tmut       0%         N/A       100%        4
 Iskenderun's Battlesphe  Conj           0%         2d6       100%        5
 Lightning Bolt           Conj/Air       0%         1d11      100%        5
 Manifold Assault         Tloc           0%         N/A       100%        5
 Iron Shot                Conj/Erth      0%         9d1       100%        6
 Maxwell's Capacitive Co  Air            0%         ∞         100%        8
 Polar Vortex             Ice            0%         N/A       100%        9
 Summon Ice Beast         Ice/Summ       Unusable   N/A       N/A         4
 Spellforged Servitor     Conj/Summ      Unusable   N/A       N/A         7

Dungeon Overview and Level Annotations

Branches:
Dungeon (15/15)            Temple (1/1) D:6            Lair (5/5) D:9
 Shoals (0/4) Lair:3        Snake (1/4) Lair:3        Slime (0/5) Lair:5
    Orc (2/2) D:9             Elf (0/3) Orc:2        Vaults (0/5) D:14
 Depths (0/4) D:15          Sewer (visited)          Bailey (visited)
  IceCv (visited)

Altars:
Ashenzari
Elyvilon
Fedhas
Gozag
Hepliaklqana
Makhleb
Nemelex Xobeh
Okawaru
Qazlal
Ru
Sif Muna
Trog
Uskayaw
Vehumet
Wu Jian
Xom
Yredelemnul
Zin
The Shining One
Lugonu

Shops:
D:5 *!?[   D:6 *   Orc:1 *   Orc:2 [!:*:

Portals:
Abyss: Lair:5

Annotations:
Snake:1 Mlioglotl
Snake:2 1 transporter, peterlawrence's ghost, adept MiFi


Innate Abilities, Weirdness & Mutations

You have a pair of horns on your head.
You reflexively headbutt those who attack you in melee.


Message History

The naga warrior hits you but does no damage.
The naga warrior barely misses you.
You slash the naga warrior! You burn the naga warrior.
The naga warrior blocks your attack.
The naga warrior is moderately wounded.
You hit peterlawrence's ghost but do no damage.
You feel sick. The salamander closely misses you.
Peterlawrence's ghost completely misses you.
You furiously retaliate!
You headbutt peterlawrence's ghost, but do no damage.
The naga warrior hits you with a +0 vorpal spear!
* * * LOW HITPOINT WARNING * * *
x2 The naga warrior grabs you.
The naga warrior constricts you.
* * * LOW HITPOINT WARNING * * *
The salamander barely misses you.
You hit the naga warrior but do no damage.
You hear a flourish of trumpets!
The naga warrior is moderately wounded.
You hit peterlawrence's ghost. You burn peterlawrence's ghost.
You feel sick. The salamander barely misses you.
Peterlawrence's ghost hits you!
* * * LOW HITPOINT WARNING * * *
x2 The naga warrior hits you but does no damage.
The naga warrior constricts you.
You chop the naga warrior into pieces!!!
You burn the naga warrior! You headbutt the naga warrior.
You kill the naga warrior!
Okawaru accepts your kill.
You hit peterlawrence's ghost but do no damage.
The salamander barely misses you.
The salamander hits you from afar with a +0 halberd!!
* * * LOW HITPOINT WARNING * * *
You are engulfed in flames!
* * * LOW HITPOINT WARNING * * *
Peterlawrence's ghost attacks as you move away!
Peterlawrence's ghost hits you but does no damage.
* * * LOW HITPOINT WARNING * * *
You feel sick.
You are no longer poisoned.
The salamander hits you from afar with a +0 halberd!
You die...

#....©.........###
#....#####........#
... #.©.###......#
. #..... #..####
###.... #..(# #
#§#.###.##..# .
..##)?!§ ..#....
.#....)_)##..#..#.
#. #..$@...#..# #.
#≈N.W..##..#
#..##..N..#
#..))..## ##.©†###
##### ....©...
#.#......##
.....#...


You could see 2 salamanders and peterlawrence's ghost.

Vanquished Creatures
  Jorgrun (Orc:1)
  Rupert (D:13)
  Kirke (Lair:3)
  A frost giant (IceCv)
  5 entropy weavers (Lair:4)
  A dire elephant (Lair:5)
  Josephine (D:13)
  A fire dragon (D:15)
  An ettin (shapeshifter) (Lair:5)
  6 boulder beetles
  A rakshasa (D:15)
  2 ice dragons
  8 hydras
  3 ghost crabs (Lair:4)
  7 two-headed ogres
  4 catoblepae
  A naga warrior (Snake:2)
  5 centaur warriors
  2 tengu warriors (D:13)
  4 death yaks
  A naga sharpshooter (Snake:1)
  2 thrashing horrors (Lair:5)
  The ghost of Brigand the Cleaver, a novice MiBe of Trog (D:9)
  Sonja (D:10)
  6 fire crabs
  A skeletal warrior (D:14)
  A steelbarb worm (shapeshifter) (Lair:5)
  3 deep elf pyromancers
  5 orc knights
  16 ugly things
  2 salamanders (Snake:2)
  2 oklob plants (Lair:2)
  2 manticores
  9 cyclopes
  6 black mambas
  An apocalypse crab (Lair:4)
  8 elephants (Lair:5)
  A naga mage (Snake:2)
  A moth of wrath (Snake:2)
  An ice statue (IceCv)
  2 gargoyles
  8 cane toads
  A torpor snail (Lair:5)
  3 smoke demons (Lair:5)
  4 centaur skeletons (D:14)
  4 rime drakes
  11 komodo dragons
  Maggie (D:10)
  2 kobold demonologists (D:8)
  2 efreet (D:15)
  6 yaktaurs
  3 ancient zymes (Lair:5)
  18 polar bears
  3 trolls
  3 large abominations (Lair:5)
  5 hornets
  A tarantella (shapeshifter) (D:12)
  11 slime creatures
  A dream sheep (Lair:2)
  36 blink frogs
  76 yaks
  7 spriggans
  2 wyverns (Lair:2)
  6 wraiths
  6 hogs (Lair:3)
  8 basilisks
  3 vampire mosquitoes
  2 neqoxecs (D:9)
  A chaos spawn (Lair:5)
  6 steam dragons
  A redback (D:12)
  2 wargs
  6 nagas
  16 water moccasins
  Duvessa (D:5)
  10 small abominations (Lair:5)
  Pargi (Sewer)
  35 orc warriors
  5 black bears
  16 ogres
  30 wolves
  34 centaurs
  A phantom (D:5)
  3 kobold brigands
  A necrophage (D:4)
  9 bullfrogs
  A scorpion (D:6)
  A gnoll sergeant (D:7)
  7 wights
  Dowan (D:5)
  6 killer bees (D:8)
  4 howler monkeys
  An electric eel (D:8)
  3 quasits (D:9)
  A hound (D:5)
  3 jellies
  13 orc priests
  3 iguanas
  Natasha (thrice) (D:3)
  A hell rat (Lair:5)
  13 orc wizards
  Robin (D:4)
  8 adders
  6 gnolls
  3 river rats (D:3)
  A white imp (D:6)
  2 ufetubi
  4 worms
  68 orcs
  8 endoplasms
  5 giant cockroaches
  18 goblins
  12 hobgoblins
  2 jackals (D:2)
  2 quokkas
  9 ball pythons
  2 bats
  3 frilled lizards
  15 kobolds
  4 rats
  5 bushes (D:15)
  A plant (Lair:5)
779 creatures vanquished.

Vanquished Creatures (others)
  A centaur warrior (D:15)
  An orc wizard (D:8)
  An orc (Orc:2)
  A bush (D:15)
  27 fungi
  60 plants
  7 toadstools (Lair:2)
98 creatures vanquished.

Grand Total: 877 creatures vanquished

Notes
Turn   | Place    | Note
-------+----------+-------------------------------------------
     0 | D:1      | bmack86 the Minotaur Fighter began the quest for the Orb.
     0 | D:1      | Reached XP level 1. HP: 19/19 MP: 0/0
   215 | D:1      | Found a faded altar of an unknown god.
   620 | D:1      | Reached XP level 2. HP: 26/26 MP: 1/1
   728 | D:1      | Reached skill level 3 in Axes
  1215 | D:2      | Reached XP level 3. HP: 31/31 MP: 2/2
  1465 | D:2      | Reached skill level 5 in Shields
  1771 | D:2      | Identified the +1 leather armour of the Grue {rN+ Will+}
  1999 | D:3      | Reached skill level 4 in Axes
  2019 | D:3      | Reached XP level 4. HP: 39/39 MP: 3/3
  2074 | D:3      | Found a glowing drain.
  2079 | Sewer    | Entered a sewer
  2289 | Sewer    | Noticed Pargi
  2296 | Sewer    | Killed Pargi
  2297 | Sewer    | Reached skill level 6 in Axes
  2297 | Sewer    | Reached XP level 5. HP: 41/45 MP: 4/4
  2891 | D:3      | Noticed Natasha
  2900 | D:3      | Killed Natasha
  2901 | D:3      | Reached XP level 6. HP: 49/51 MP: 5/5
  2966 | D:3      | Noticed Natasha
  2972 | D:3      | Killed Natasha
  2973 | D:3      | Reached skill level 7 in Axes
  2981 | D:3      | Noticed Natasha
  2990 | D:3      | Killed Natasha
  3088 | D:4      | Noticed Robin
  3105 | D:4      | Killed Robin
  3435 | D:4      | Reached skill level 8 in Axes
  4070 | D:5      | Entered Level 5 of the Dungeon
  4149 | D:5      | Found Jenalu Jaze's Magic Scroll Emporium.
  4157 | D:5      | Bought a scroll of identify for 28 gold pieces
  4186 | D:5      | Reached XP level 7. HP: 57/57 MP: 6/6
  4218 | D:5      | Found Esoaxot's Antique Armour Emporium.
  4235 | D:5      | Bought a glowing cloak for 202 gold pieces
  4372 | D:5      | Found a radiant altar of Vehumet.
  4459 | D:5      | Found Fodoxoge's General Store.
  4537 | D:5      | Noticed Dowan
  4538 | D:5      | Noticed Duvessa
  4545 | D:5      | Reached skill level 9 in Axes
  4556 | D:5      | Killed Duvessa
  4575 | D:5      | Killed Dowan
  4606 | D:5      | Found Xaumoog's Distillery.
  4899 | D:5      | Reached skill level 10 in Axes
  5383 | D:6      | Reached XP level 8. HP: 45/64 MP: 7/7
  5386 | D:6      | Reached skill level 11 in Axes
  5579 | D:6      | Reached skill level 12 in Axes
  5727 | D:6      | Found Ifoimou's Assorted Antiques.
  5891 | D:6      | Found a staircase to the Ecumenical Temple.
  5901 | Temple   | Entered the Ecumenical Temple
  6118 | Temple   | Became a worshipper of Warmaster Okawaru
  6470 | D:7      | Identified a scroll of acquirement
  6470 | D:7      | Acquired 754 gold pieces
  6493 | D:7      | Reached skill level 1 in Invocations
  6545 | D:5      | Bought an amulet of regeneration for 390 gold pieces
  6853 | D:7      | Reached skill level 13 in Axes
  6861 | D:7      | Reached * piety under Okawaru
  6893 | D:7      | Reached XP level 9. HP: 67/70 MP: 9/9
  6936 | D:7      | Found a stormy altar of Qazlal.
  7249 | D:7      | Reached skill level 14 in Axes
  7463 | D:8      | Reached ** piety under Okawaru
  7476 | D:8      | Reached skill level 5 in Invocations
  7493 | D:8      | Reached skill level 15 in Axes
  7687 | D:8      | Reached XP level 10. HP: 63/77 MP: 13/13
  7819 | D:8      | Reached *** piety under Okawaru
  8945 | D:9      | Noticed a rust devil
  8948 | D:8      | Noticed a soul eater
  8954 | D:8      | Reached skill level 16 in Axes
  9044 | D:9      | Reached **** piety under Okawaru
  9060 | D:9      | Found a staircase to the Lair.
  9220 | D:9      | Found a sacrificial altar of Ru.
  9220 | D:9      | Found a glowing golden altar of the Shining One.
  9222 | D:9      | Found a white marble altar of Elyvilon.
  9222 | D:9      | Found a shimmering blue altar of Sif Muna.
  9259 | D:9      | Found a transporter.
  9259 | D:9      | Noticed Brigand's ghost (novice MiBe)
  9279 | D:9      | Found a transporter.
  9393 | D:9      | Found a hazy altar of Hepliaklqana.
  9494 | D:9      | Reached skill level 17 in Axes
  9562 | D:9      | Found a staircase to the Orcish Mines.
  9756 | D:10     | Entered Level 10 of the Dungeon
  9782 | D:10     | Noticed Maggie
  9797 | D:10     | Killed Maggie
  9827 | D:10     | Reached ***** piety under Okawaru
  9840 | D:10     | Reached XP level 11. HP: 63/82 MP: 15/15
  9919 | D:10     | Found a flagged portal.
  9971 | Bailey   | Entered a bailey
 10083 | Bailey   | Reached skill level 18 in Axes
 10095 | Bailey   | Identified the +1 war axe "Arioschoa" {antimagic, rPois}
 10113 | Bailey   | Noticed a two-headed ogre
 10116 | Bailey   | Identified the +7 mace of Foolhardiness {elec, rElec}
 10149 | Bailey   | Killed a two-headed ogre
 10150 | Bailey   | Reached skill level 1 in Throwing
 10460 | D:10     | Reached skill level 5 in Fighting
 10460 | D:10     | Reached skill level 5 in Armour
 10463 | D:10     | Noticed Sonja
 10475 | D:10     | Killed Sonja
 10497 | D:10     | Identified the +9 battleaxe "Linose" {flame, *Noise Fragile
                  | Str+3 SInv}
 10914 | Lair:1   | Entered Level 1 of the Lair of Beasts
 11000 | Lair:1   | Reached XP level 12. HP: 103/103 MP: 17/17
 11113 | Lair:1   | Reached ****** piety under Okawaru
 11135 | Lair:1   | Identified the +3 hat of Okawaru's Pride {Stlth+} (Okawaru
                  | gifted it to you on level 1 of the Lair of Beasts)
 11135 | Lair:1   | Received a gift from Okawaru
 11625 | Lair:1   | Reached XP level 13. HP: 87/112 MP: 18/18
 11759 | Lair:2   | Reached skill level 10 in Fighting
 11761 | Lair:2   | Reached skill level 10 in Armour
 12665 | Lair:2   | Found a blossoming altar of Fedhas.
 12832 | Lair:2   | Found the +6 Majin-Bo {vamp, MP+6 Int+6}
 12852 | Lair:2   | Found a runed translucent door.
 12865 | Lair:2   | Reached skill level 19 in Axes
 12892 | Lair:2   | Received a gift from Okawaru
 13015 | Lair:2   | Reached skill level 5 in Throwing
 13261 | Lair:4   | Found a runed translucent door.
 13270 | Lair:3   | Noticed Kirke
 13278 | Lair:3   | Killed Kirke
 13465 | Lair:3   | Found a staircase to the Shoals.
 13733 | Lair:3   | Received a gift from Okawaru
 13794 | Lair:3   | Found a staircase to the Snake Pit.
 14110 | Lair:4   | Reached XP level 14. HP: 112/127 MP: 19/19
 14240 | Lair:4   | Identified the +8 plate armour of Omeaggou {Rampage Int+6
                  | SInv Stlth+} (Okawaru gifted it to you on level 4 of the
                  | Lair of Beasts)
 14240 | Lair:4   | Received a gift from Okawaru
 14673 | Lair:4   | Identified the +1 glaive "Aptaedomp" {spect, Dex+4}
 15213 | Lair:5   | Entered Level 5 of the Lair of Beasts
 15471 | Lair:5   | Found a frozen archway.
 15502 | IceCv    | Entered an ice cave
 15628 | IceCv    | Reached skill level 20 in Axes
 15732 | IceCv    | Identified the +8 spear "Imiov" {vorpal, Dex+2} (Okawaru
                  | gifted it to you in an ice cave)
 15732 | IceCv    | Received a gift from Okawaru
 15920 | IceCv    | Got the Vellum of Graupel
 15928 | IceCv    | Noticed a frost giant
 15938 | IceCv    | Reached skill level 15 in Fighting
 15938 | IceCv    | Reached skill level 15 in Armour
 15950 | IceCv    | Killed a frost giant
 16543 | Lair:5   | Found a runed translucent door.
 16552 | Lair:5   | Found a staircase to the Slime Pits.
 16570 | Lair:5   | Reached XP level 15. HP: 126/141 MP: 17/20
 16574 | Lair:5   | Identified the +1 ring mail of the Scribe {Harm Str+3}
                  | (Okawaru gifted it to you on level 5 of the Lair of Beasts)
 16574 | Lair:5   | Received a gift from Okawaru
 16821 | Lair:5   | Found a corrupted altar of Lugonu.
 16821 | Lair:5   | Found a one-way gate to the infinite horrors of the Abyss.
 17003 | Lair:5   | Identified the +5 short sword of Dinwysk {freeze, Fragile
                  | +Blink rC++}
 18074 | D:11     | Identified the +10 quarterstaff "Amnagi" {vorpal, rC- Str+3
                  | SInv}
 18296 | D:11     | Identified the +0 helmet of Hakhirih {Contam rPois rC+}
 18442 | D:11     | Found a sacrificial altar of Ru.
 18663 | D:12     | Identified the +5 tower shield of the Spheres {Str+9 Dex+2}
                  | (Okawaru gifted it to you on level 12 of the Dungeon)
 18663 | D:12     | Received a gift from Okawaru
 18711 | D:12     | Acquired 1100 gold pieces
 19048 | D:13     | Noticed Rupert
 19056 | D:13     | Killed Rupert
 19496 | D:13     | Noticed Josephine
 19505 | D:13     | Killed Josephine
 19910 | D:14     | Found a gate to the Vaults.
 20257 | D:14     | Found a shimmering altar of Xom.
 20331 | D:14     | Reached XP level 16. HP: 141/157 MP: 21/21
 20713 | D:15     | Entered Level 15 of the Dungeon
 20780 | D:15     | Identified the +3 chain mail of Izini {*Corrode rC+ Will+}
                  | (Okawaru gifted it to you on level 15 of the Dungeon)
 20780 | D:15     | Received a gift from Okawaru
 21350 | D:15     | Found a staircase to the Depths.
 21554 | Orc:1    | Entered Level 1 of the Orcish Mines
 21813 | Orc:2    | Entered Level 2 of the Orcish Mines
 21813 | Orc:2    | Found a staircase to the Elven Halls.
 22127 | Orc:2    | Noticed Jorgrun
 22147 | Orc:1    | Killed Jorgrun
 22300 | Orc:1    | Found Qetat's CLEARANCE SALE!.
 22308 | Orc:1    | Bought a scroll of acquirement for 312 gold pieces
 22308 | Orc:1    | Bought a scroll of teleportation for 18 gold pieces
 22786 | Orc:2    | Found Doengam's Armour Shoppe.
 22802 | Orc:2    | Bought the +0 mask of the Dragon {Will+ Slay+3 SInv} for
                  | 467 gold pieces
 22802 | Orc:2    | Found the +0 mask of the Dragon {Will+ Slay+3 SInv}
 22802 | Orc:2    | Bought a +2 cloak of willpower for 301 gold pieces
 22965 | Orc:2    | Found Haefecze's Book Emporium.
 22965 | Orc:2    | Found Atewajod's General Store.
 22967 | Orc:2    | Found Uppurob's Book Boutique.
 22969 | Orc:2    | Found Negajid's Distillery.
 22974 | Orc:2    | Bought a scroll of acquirement for 780 gold pieces
 22974 | Orc:2    | Bought a potion of heal wounds for 75 gold pieces
 22974 | Orc:2    | Bought a potion of cancellation for 120 gold pieces
 22981 | Orc:2    | Bought a potion of heal wounds for 75 gold pieces
 22986 | Orc:2    | Bought a manual of Shields for 1120 gold pieces
 22986 | Orc:2    | Acquired 739 gold pieces
 22987 | Orc:2    | Acquired 342 gold pieces
 23216 | D:9      | Killed Brigand's ghost
 23373 | Snake:1  | Entered Level 1 of the Snake Pit
 23408 | Snake:1  | Noticed Mlioglotl
 23412 | Snake:1  | You fall into a shaft and drop 1 floor!
 23457 | Snake:2  | Found a transporter.
 23462 | Snake:2  | Found a transporter.
 23466 | Snake:2  | Found a bloodstained altar of Trog.
 23469 | Snake:2  | Noticed peterlawrence's ghost (adept MiFi)
 23490 | Snake:2  | HP: 1/162 [salamander/+0 halberd (11)]
 23491 | Snake:2  | Demolished by a salamander

Illustrated notes

Levels and vault maps discovered:
D:1:      onia_arrival_mini_maze, layout_basic, shapermc_ecumenical_altar_ellora
D:2:      layout_basic, serial_glass, glass_columns_a, glass_columns_b,
          due_unseen_surprise, item_on_display_b
D:3:      layout_rooms, gup_sewer_entry_bowl, chequers_serial_rivers_micro_a,
          uniq_natasha
D:4:      layout_loops_corners, uniq_robin
D:5:      layout_basic, mainiacjoe_overflow_chevrons, serial_shops,
          nicolae_shop_waterfront, shop, nicolae_shop_overgrown_old_shop,
          nicolae_shop_hallway_plus, uniq_duvessa
D:6:      layout_loops_ring, minmay_temple_entry_hall, serial_shops,
          nicolae_shop_stone, nrook_mini_backslash
D:7:      layout_basic, nicolae_qazlal_scattered_showers
D:8:      layout_gridville, kennysheep_flooded_box
D:9:      layout_basic, mainiacjoe_overflow_alcove_3,
          worldfamousw_hep_ancestral_shrine, lair_entry_dummy, orc_0_dummy,
          gammafunk_ghost_stat_death
D:10:     layout_roguey, enter_bailey_5, uniq_sonja, uniq_maggie
D:11:     layout_cave_pools, nicolae_ru_path_of_blood
D:12:     nzn_winding_woodlands_small [nzn_winding_woodlands_5x15_sidewinder,
          nzn_winding_woodlands_center_garden,
          nzn_winding_woodlands_5x15_jagged], layout_rooms
D:13:     layout_loops_ring, uniq_rupert, uniq_josephine
D:14:     layout_grid_maze, hangedman_vaults_entry_quadrant_bands,
          xom_teletrap_fun
D:15:     grunt_enter_depths_hoard, layout_rooms, minmay_hedge_maze
Temple:   regret_index_temple_generic_petals
Lair:1:   layout_chaotic_city, grunt_megastairs_1, lemuel_fruit_tree
Lair:2:   gammafunk_lair_enchanted_lake, layout_cave_pods,
          hangedman_tree_tricks, beast_lair_carwin_5
Lair:3:   layout_small_grid, minmay_shoals_entry_centaurs,
          minmay_snake_entry_guardpost_small, chequers_serial_rivers_room_b,
          uniq_kirke
Lair:4:   gammafunk_mikee_crab_dinner, layout_cave_pods
Lair:5:   hellmonk_lair_end_abyssal_woods, layout_gridlike, slime_entry_2,
          portal_ice_cave_entry_animals_and_master, nicolae_lair_lakeside_cave
Snake:1:  nicolae_snakescales, layout_cave_pods, nicolae_shop_vocational,
          uniq_mlioglotl, uniq_donald, uniq_nikola
Snake:2:  layout_honeycomb, gammafunk_ghost_wrathful_warriors
Orc:1:    layout_diamond_mine, nicolae_shop_clearance
Orc:2:    st_orc_rangers, layout_caves, serial_shops, nicolae_shop_stone,
          uniq_jorgrun

Skill      XL: |  1  2  3  4  5  6  7  8  9 10 11 12 13 14 15 16 |
---------------+-------------------------------------------------+-----
Shields        | 4 5 |  5.7
Axes           | 3 4 6 8 10 13 15 17 18 19 20 | 20.0
Invocations    | 2 5 7 8 |  8.0
Fighting       | 8 9 12 15 17 19 | 19.8
Armour         | 8 9 12 15 17 18 | 18.0
Throwing       | 2 3 5 6 8 |  8.6

Action                   |  1- 3 |  4- 6 |  7- 9 | 10-12 | 13-15 | 16-18 || total
-------------------------+-------+-------+-------+-------+-------+-------++-------
Melee: War axe           |    69 |   158 |   219 |   341 |       |       ||   787
       Headbutt          |    11 |    18 |    44 |    65 |   149 |    55 ||   342
       Battleaxe         |       |       |       |    64 |   747 |   262 ||  1073
Invok: Heroism           |       |       |     2 |     2 |     8 |     2 ||    14
       Finesse           |       |       |       |     1 |     5 |     2 ||     8
Evoke: Wand              |       |     1 |     2 |     3 |     1 |       ||     7
  Use: Scroll            |     2 |     4 |    11 |    10 |    10 |     8 ||    45
       Potion            |       |     1 |     2 |     4 |       |     3 ||    10
 Stab: Paralysed         |       |     2 |       |     6 |       |       ||     8
       Petrifying        |       |       |       |       |       |     1 ||     1
Armor: Scale mail        |    40 |    86 |   118 |       |       |       ||   244
       Plate armour      |       |       |    15 |   303 |   712 |   338 ||  1368
Dodge: Dodged            |    29 |    73 |   100 |   115 |   317 |   209 ||   843
Block: Buckler           |    18 |    26 |    57 |    78 |       |       ||   179
